[Event "1st Semana Santa Torrevieja 2022"]
[Site "Torrevieja Alicante"]
[Date "2022.04.16"]
[Round "7.10"]
[White "Ulasevich, Sergei"]
[Black "Larino Nieto, David"]
[Result "0-1"]
[ECO "B01"]
[WhiteElo "2199"]
[BlackElo "2440"]
[Annotator "TA"]
[PlyCount "122"]
[EventDate "2022.04.12"]
[EventType "swiss"]
[EventCountry "ESP"]
[SourceTitle "playchess.com"]
[Source "ChessBase"]
[SourceQuality "1"]
[TimeControl "5400+30"]

1. e4 d5 2. exd5 Qxd5 3. Nf3 Nf6 4. d4 Nc6 5. c4 Qa5+ 6. Bd2 {[%emt 0:05:21] B01: Scandinavian Defence.} Qh5 7. Be2 Bg4 8. Nc3 (8. O-O $16) 8... O-O-O $11 9. d5 Ne5 10. Be3 e6 {[%emt 0:01:19] [#]} 11. Nb5 $146 (11. Nxe5 $11 Bxe2 12. Qxe2 Qxe5 13. dxe6 (13. Bxa7 Qxe2+ 14. Kxe2 b6 $17)) ({Predecessor:} 11. Qa4 a6 12. Nxe5 Qxe5 13. O-O-O Bxe2 14. Nxe2 exd5 15. c5 Bxc5 16. Bxc5 Qxe2 17. Qa3 {½-½ (33) Besenyi,T (1937)-Volgyi,R (1755) Hungary 2015}) 11... Bb4+ (11... exd5 $6 12. Nxe5 Bb4+ 13. Kf1 Bxe2+ 14. Qxe2 $11) 12. Kf1 Nxf3 (12... exd5 $6 13. Nxe5 Bxe2+ 14. Qxe2 $11) 13. Nxa7+ Kb8 14. Qa4 $2 (14. Bxf3 $17 {is the only way for White.} Bxf3 15. Qxf3) 14... Nd2+ $19 15. Ke1 Bxe2 (15... Nxc4+ $142 16. Qxb4 Bxe2 17. Nc6+ Kc8 18. Na7+ Kb8 19. Nc6+ Kc8 20. Na7+ Kd7 21. Qb5+ Ke7 22. Bc5+ Rd6 $1 23. Bxd6+ Nxd6 24. Qxe2 Qxd5) 16. Nc6+ bxc6 17. Qxb4+ Kc8 18. dxc6 {[%emt 0:00:07][%csl Gc6][%cal Rb4b7] [#]} Rd6 $1 19. Qb7+ Kd8 20. Qb8+ Ke7 21. Qxc7+ {[%emt 0:00:08] [#]} Nd7 $1 22. cxd7 {[%emt 0:00:28][%csl Gc7][%cal Rd7d8] [#]} Rd8 $1 $40 {[%emt 0:00:04][%mdl 128] Black has strong attack. &Nero is more active.} 23. Qc5 (23. Bc5 $2 Ne4 24. Bxd6+ Nxd6 $19) 23... Nxc4 {[%emt 0:06:48] Dancing on a razor blade.} (23... R8xd7 24. Qxh5 Bxh5 25. Bc5) 24. Qxh5 Bxh5 25. Bc5 Nxb2 {[%emt 0:00:16] White must now prevent ...Nd3+.} (25... Kxd7 26. Bxd6 Kxd6 27. b3 $17) 26. Bxd6+ Kxd6 27. Kd2 {[%emt 0:01:03] Against Nd3} (27. f3 $17 {is a better defense.}) 27... Rxd7 28. Rab1 $2 (28. f3 {might work better.}) 28... Kc5+ 29. Ke3 (29. Ke1 $142) 29... Nd1+ 30. Kf4 (30. Rhxd1 $142 Rxd1 31. Rxd1 Bxd1 32. Kd2) 30... Rd4+ 31. Kg5 Be2 32. f3 h6+ 33. Kh5 Kd5 $2 (33... Ne3 34. Rb7 Rf4 35. Rc1+ Kd6) 34. Rb7 Rf4 35. Rxd1+ Bxd1 {[%emt 0:00:07][%mdl 4096] Endgame KRB-KR} 36. Rd7+ Ke5 37. Rxd1 {[%emt 0:00:02] KR-KR} Kf6 $1 38. g3 Rxf3 39. a4 Ra3 {[%emt 0:01:09] Against Ra1} 40. Rd4 e5 41. Rg4 (41. Rb4 $17 {was necessary.}) 41... Rd3 (41... Ra2 $19 {( -> ...g6+)} 42. h4 Ra3) 42. Rb4 (42. Rc4 $17 {was worth a try.}) 42... Kf5 {[%emt 0:01:11] ...e4 is the strong threat.} 43. Rb7 Ke6 44. a5 Ra3 45. Rb6+ Kd5 $2 (45... Kf5 $1 $19 46. Rb7 f6 47. Rxg7 Rxa5) 46. Rb7 $11 Ke6 $2 (46... Rxa5 47. Rxf7 Kd4 48. Rxg7 $17) (46... e4 $15 47. Rxf7 Ke6) 47. Rb6+ $19 Kf5 $1 48. Rb7 {[%emt 0:04:12] [#]} (48. a6 $17) 48... f6 $1 ({And not} 48... Rxa5 49. Rxf7+ Ke4 50. Rxg7 $11) 49. Rxg7 Rxa5 {[%emt 0:00:12] And now ...e4 would win.} 50. Rg4 (50. Rb7 {nothing else works.}) 50... e4 51. Rf4+ Ke6+ 52. Kg6 Rg5+ 53. Kxh6 e3 54. Rf1 (54. Re4+ Re5 55. Ra4 e2 56. Ra6+ Kf5 57. g4+ Kxg4 58. Ra1 e1=Q 59. Rxe1 Rxe1 60. Kg6 f5 61. h3+ Kf4 62. h4 Ke5 63. h5 f4 64. h6 f3 65. h7 Rh1 66. h8=R Rxh8 67. Kf7 f2 68. Kg7 {[#]} f1=Q $1 69. Kxh8 Qg1 70. Kh7 Kf6 71. Kh8 Qg7#) 54... Rf5 $2 (54... e2 55. Re1 Re5 56. Kg7 $17) ({Better is} 54... Kd5 $19 {Hoping for ...Rg8.} 55. Ra1 Rg8) 55. Re1 $15 Rf3 {[%emt 0:00:06] aiming for ...Kf5.} 56. Kh5 $2 (56. Kg6 $17) 56... Ke5 $2 (56... Kf5 {Threatens to win with ...Ke4.} 57. Kh6 Ke4) 57. Kg4 $2 (57. Kg6) 57... Ke4 $19 58. h4 f5+ {[%emt 0:00:11][%cal Bf6f5,Bf5f4][%mdl 32] Black mates.} 59. Kh3 f4 60. h5 Rxg3+ 61. Kh4 Rg2 {[%emt 0:00:13] Weighted Error Value: White=0.66/Black=0.44} 0-1

[Event "1st Semana Santa Torrevieja 2022"]
[Site "Torrevieja Alicante"]
[Date "2022.04.16"]
[Round "7.11"]
[White "Garcia Gimenez, Santiago"]
[Black "Rakotomaharo, Fy Antenaina"]
[Result "0-1"]
[ECO "C54"]
[WhiteElo "2171"]
[BlackElo "2474"]
[Annotator "TA"]
[PlyCount "64"]
[EventDate "2022.04.12"]
[EventType "swiss"]
[EventCountry "ESP"]
[SourceTitle "playchess.com"]
[Source "ChessBase"]
[SourceQuality "1"]
[TimeControl "5400+30"]

1. e4 e5 2. Nf3 Nc6 3. Bc4 Bc5 4. c3 Nf6 5. d3 a5 6. O-O d6 7. a4 O-O 8. Bg5 {[%emt 0:01:37] C54: Giuoco Piano: 4 c3 Nf6, main lines with 5 d4 and 5 d3.} h6 9. Bh4 Be6 10. Nbd2 {[%emt 0:03:05] White has an edge.} g5 11. Bg3 {[%emt 0:00:25] [#]} Nh7 $146 ({Predecessor:} 11... Ba7 12. Re1 Qe7 13. Bb5 Nh7 14. d4 exd4 15. Bxc6 bxc6 16. Nxd4 Bd7 17. Nc4 Bxd4 18. Qxd4 {1-0 (42) Petrov,N (2585)-Fus,J (2326) Lisbon 2019}) 12. Re1 Ba7 13. Qc2 h5 {[%emt 0:05:43] aiming for ...h4.} 14. h3 Qf6 15. Bxe6 (15. d4 $1 $14) 15... fxe6 $11 16. Re2 Rf7 17. Nc4 $2 (17. Qb3 $11 Rb8 18. d4) 17... h4 $19 18. Bh2 g4 $1 19. hxg4 Rg7 20. Ne3 h3 (20... Rf8 $142 21. Rf1 h3) 21. Nd2 {[%emt 0:07:22] Now White is beyond hope.} (21. Bg3 $17 {was called for.}) 21... Ng5 {[%emt 0:00:25] Hoping for ...hxg2.} 22. Qd1 $2 (22. g3 {was forced.} Nf3+ 23. Nxf3 Qxf3 24. Qd1) 22... hxg2 23. Kxg2 Rf8 {[%emt 0:00:07] Threatens to win with ...Rh7. The board is on fire.} 24. Bg3 Nf3 ({Not} 24... Rh7 $2 25. Re1 $19) 25. b3 $2 (25. Nf5 Nxd2 26. Rxd2 exf5 27. gxf5) 25... Ne7 26. Ndc4 Rh7 {[%emt 0:05:19] ...Ng6 is the strong threat.} ({But not} 26... Ng5 $2 27. Re1 $19) 27. Rb2 {[%emt 0:01:43] [#]} Ng6 (27... Ne1+ $142 $1 28. Kg1 (28. Kf1 Rh1+) 28... Bxe3 29. Nxe3 {[#]} Qh6 $1 30. Bh4 Qxh4 31. Kf1 Qh1+ 32. Ke2 Rxf2+ $3 33. Kxf2 Rh2+ 34. Kg3 Rxb2 35. Nc2 Qg2+ 36. Kh4 Qh2+ 37. Kg5 Kg7 $1 38. Nxe1 Qh6#) 28. Nf5 exf5 29. Qxf3 f4 30. Nxa5 Qg5 31. Rg1 fxg3 32. Qxg3 Nh4+ {[%emt 0:00:33] Weighted Error Value: White=1.27/Black=0.20 (precise)} 0-1

[Event "1st Semana Santa Torrevieja 2022"]
[Site "Torrevieja Alicante"]
[Date "2022.04.16"]
[Round "7.12"]
[White "Sochacki, Christophe"]
[Black "Cruz, Filemon"]
[Result "1-0"]
[ECO "C16"]
[WhiteElo "2485"]
[BlackElo "2310"]
[Annotator "TA"]
[PlyCount "83"]
[EventDate "2022.04.12"]
[EventType "swiss"]
[EventCountry "ESP"]
[SourceTitle "playchess.com"]
[Source "ChessBase"]
[SourceQuality "1"]
[TimeControl "5400+30"]

1. d4 e6 2. e4 d5 3. Nc3 Bb4 4. e5 b6 5. a3 Bf8 6. f4 Ne7 7. Nf3 Qd7 {[%emt 0:02:37] C16: French: 3 Nc3 Bb4 4 e5: Lines without ...c5.} 8. Be3 h5 9. Bf2 Ba6 {[%emt 0:01:09] White is slightly better.} 10. Bxa6 Nxa6 11. Qe2 Nb8 {[%emt 0:00:31] [#]} 12. O-O-O $146 ({Predecessor:} 12. g3 Nbc6 13. h3 Ng6 14. Be3 Nce7 15. O-O-O Nf5 16. Bf2 Be7 17. Qd2 O-O-O 18. g4 hxg4 19. hxg4 Rxh1 20. Rxh1 {½-½ (31) Lanc,A (2385)-Mokry,K (2490) Trnava 1985}) 12... Nbc6 13. h3 a6 (13... Ng6 $11 {remains equal.}) 14. g4 $16 b5 15. Ng5 g6 16. Kb1 {[%emt 0:00:00] 0x0.001e7f237ef4dp-1022s more active pieces. The black rooks are badly placed.} ({Better is} 16. Be3 $16) 16... Rb8 (16... Na5 $1 $14) 17. b3 Nc8 (17... a5 $16) 18. f5 $18 Bxa3 19. Qf3 {[%emt 0:00:00] aiming for fxg6.} Nd8 20. fxg6 fxg6 21. gxh5 $1 (21. Qf6 $6 Rg8 $16) 21... Rxh5 {[%emt 0:05:50] [#]} 22. Qf6 (22. h4 $1 $18) 22... Ne7 {[%emt 0:00:19] [#]} (22... Rh6 $16 {keeps fighting.}) 23. Rd3 (23. Be1 $1 $18) 23... Qc6 $2 {[%emt 0:04:25] This move loses the game for Black.} (23... Rh6 $1 $14) 24. Ne2 (24. Rf3 $6 Kd7 $16) 24... Kd7 25. Nf4 a5 26. Be1 (26. Nxg6 Nf5 $16) 26... Nf5 {[%emt 0:06:34] White must now prevent ...Be7.} 27. Nxh5 gxh5 28. Rf1 {[%emt 0:00:00] Chess con chili.} (28. Bxa5 Be7 29. Qg6 b4 $15) 28... Be7 29. Qg6 $36 {[%emt 0:00:00][%mdl 2048] Strongly threatening Rc3. Black is under strong pressure.} a4 $2 (29... Bxg5 {is more resistant.} 30. Qxg5 Kc8 31. Bxa5 (31. Qxh5 Ra8 $16) 31... b4) 30. Rxf5 (30. Rc3 Qa6 31. b4 (31. Rxf5 b4 $14) 31... Nxd4 $16) 30... exf5 31. Qxf5+ Ne6 {[%emt 0:00:17] [#]} 32. Rc3 $1 Rf8 33. Qxe6+ (33. Rxc6 Rxf5 34. Rxe6 Rf1 $17) 33... Qxe6 34. Rxc7+ $1 ({Worse is} 34. Nxe6 Kxe6 35. Ka2 Rf1 $17) 34... Ke8 $2 (34... Kxc7 {was called for.} 35. Nxe6+ Kb6 36. Nxf8 Bxf8 37. bxa4 bxa4) 35. Nxe6 Rf1 {[%emt 0:00:08] [#]} 36. bxa4 $1 Rxe1+ {[%emt 0:00:09][%mdl 4096] Endgame KRB-KRN} 37. Ka2 bxa4 38. Ra7 Re2 39. Nc7+ {[%emt 0:00:09] White is clearly winning.} Kf8 40. Nxd5 Bd8 (40... Bg5 $142 41. Kb2 h4 42. Rxa4 Kg7) 41. Kb2 (41. Ra8 $142 Ke8 42. Kb2) 41... Rh2 (41... Bg5 $142 42. Rxa4 h4) 42. Ra8 {[%emt 0:01:09] Weighted Error Value: White=0.31/Black=0.61} 1-0

[Event "1st Semana Santa Torrevieja 2022"]
[Site "Torrevieja Alicante"]
[Date "2022.04.16"]
[Round "7.13"]
[White "Garcia Martin, Marta"]
[Black "Gomez Ledo, Roberto Carlos"]
[Result "0-1"]
[ECO "C54"]
[WhiteElo "2299"]
[BlackElo "2471"]
[Annotator "TA"]
[PlyCount "140"]
[EventDate "2022.04.12"]
[EventType "swiss"]
[EventCountry "ESP"]
[SourceTitle "playchess.com"]
[Source "ChessBase"]
[SourceQuality "1"]
[TimeControl "5400+30"]

1. e4 {[%emt 0:00:04] Roiz,M} e5 2. Nf3 Nc6 3. Bc4 Bc5 4. d3 Nf6 5. O-O d6 6. c3 a6 7. a4 {[%emt 0:01:04] C54: Giuoco Piano: 4 c3 Nf6, main lines with 5 d4 and 5 d3.} Ba7 8. Re1 h6 9. Nbd2 {[%emt 0:00:12] The position is equal.} O-O 10. h3 Re8 11. b4 {[%emt 0:00:50] 11.b4 scores better than 11.Nf1.} Ne7 12. Qb3 Rf8 13. d4 exd4 14. cxd4 d5 15. exd5 Nexd5 {[%emt 0:00:31] [#]} 16. Ba3 $146 {[%emt 0:26:30] Hoping for b5.} ({Predecessor:} 16. b5 Be6 17. bxa6 bxa6 18. Ba3 Re8 19. Ne5 Nf4 20. Ndf3 Bxc4 21. Qxc4 Qd5 22. Qxd5 N6xd5 {0-1 (44) Vachier Lagrave,M (2796)-Jakovenko,D (2721) Palma de Mallorca 2017 CBM 182 [Roiz,M]}) 16... c6 ({Black should try} 16... Nb6 $1 $11) 17. b5 $14 {[%emt 0:02:23] Strongly threatening bxa6.} Re8 18. bxc6 bxc6 19. Ne5 Qc7 (19... Bxd4 $11 {keeps the balance.} 20. Nxc6 Bxa1 21. Nxd8 Rxe1+ 22. Nf1 Ra7 $1) 20. Ndf3 (20. Qd3 $16) 20... Bxd4 $11 21. Nxd4 Rxe5 22. Rxe5 Qxe5 23. Rd1 Bd7 24. Qb7 Qb8 25. Rb1 Qxb7 26. Rxb7 a5 27. Bd6 Be8 28. Nb3 Nc3 29. Nc5 Nfe4 30. Nxe4 Nxe4 31. Rb8 Rxb8 32. Bxb8 $15 {[%emt 0:00:04][%mdl 4096] Endgame KBB-KBN} Nc5 33. Bc7 Nxa4 34. Bxa5 Nc5 35. f3 Nd7 36. Kf2 g6 37. g4 Kg7 38. Bc3+ {[%emt 0:00:13] This bishop pair is nice.} f6 39. h4 Bf7 40. Be2 Kf8 41. Bd2 h5 42. Bb4+ Ke8 43. Ke3 Nb6 {[%emt 0:00:22] White must now prevent ...Nd5+.} 44. Kd4 Nd5 45. Bd2 Nc7 46. Kc5 Kd7 47. Kd4 Bd5 48. gxh5 gxh5 49. f4 Ne6+ 50. Ke3 Ng7 51. Bb4 Nf5+ 52. Kf2 Bf7 53. Bc3 Nd6 {[%emt 0:01:02] aiming for ...Ne4+.} 54. Bf3 {[%emt 0:00:44] Inhibits Ne4+.} Ne8 55. Ke3 c5 56. Kd3 Ke7 57. Bb2 Nd6 58. Bd1 c4+ 59. Ke3 (59. Kd2 $1 $11) 59... Nf5+ $17 60. Ke4 Bg6 ({But not} 60... Nxh4 $6 61. f5 $11) 61. Kf3 $2 {[%emt 0:00:35] This move loses the game for White.} (61. Bd4 $17 {was worth a try.}) 61... Nxh4+ $19 62. Kf2 {[%emt 0:00:27] [#]} Nf5 $1 63. Bc2 (63. Kg1 $142) 63... Ke6 64. Bxf5+ $2 (64. Be4 $19) 64... Bxf5 {[%emt 0:00:10] KB-KB. Black mates.} 65. Kg3 Bg4 66. Bc3 f5 67. Kf2 Kd5 68. Ke3 h4 69. Be1 h3 70. Bg3 Kc5 {[%emt 0:20:24] Weighted Error Value: White=0.11 (very precise) /Black=0.07 (flawless)} 0-1

[Event "1st Semana Santa Torrevieja 2022"]
[Site "Torrevieja Alicante"]
[Date "2022.04.16"]
[Round "7.14"]
[White "Camacho Collados, Marcos"]
[Black "Perea Fruet, Lorenzo"]
[Result "1-0"]
[ECO "D05"]
[WhiteElo "2462"]
[BlackElo "2185"]
[Annotator "TA"]
[PlyCount "22"]
[EventDate "2022.04.12"]
[EventType "swiss"]
[EventCountry "ESP"]
[SourceTitle "playchess.com"]
[Source "ChessBase"]
[SourceQuality "1"]
[TimeControl "5400+30"]

1. Nf3 c5 2. e3 e6 3. b3 Nf6 4. Bb2 Nc6 5. d4 d5 6. Nbd2 Bd6 7. dxc5 {[%emt 0:00:26] D05: Colle System with ...e6.} Bxc5 8. Bd3 O-O 9. a3 a5 10. O-O {[%emt 0:00:23] [#]} d4 $146 (10... b6 $11 {feels stronger.}) ({Predecessor:} 10... Bd7 11. c4 Qe7 12. Qc2 h6 13. Bxf6 gxf6 14. cxd5 exd5 15. Bf5 Be6 16. Bxe6 fxe6 {½-½ (66) Dominguez Perez,L (2763)-Abdusattorov,N (2608) chess24.com INT 2020}) 11. exd4 $14 Nxd4 {[%emt 0:15:42] Black got outplayed after the opening.  Weighted Error Value: White=0.04 (flawless) /Black=0.11 (very precise)} 1-0

[Event "1st Semana Santa Torrevieja 2022"]
[Site "Torrevieja Alicante"]
[Date "2022.04.16"]
[Round "7.15"]
[White "Aagaard, Jacob"]
[Black "Makkar, Rajat"]
[Result "1/2-1/2"]
[ECO "A34"]
[WhiteElo "2465"]
[BlackElo "2252"]
[Annotator "TA"]
[PlyCount "33"]
[EventDate "2022.04.12"]
[EventType "swiss"]
[EventCountry "ESP"]
[SourceTitle "playchess.com"]
[Source "ChessBase"]
[SourceQuality "1"]
[TimeControl "5400+30"]

1. c4 c5 2. Nf3 Nf6 3. Nc3 d5 4. cxd5 Nxd5 5. e4 Nb4 6. Bc4 Nd3+ 7. Ke2 Nf4+ 8. Kf1 Nd3 9. Ke2 {[%emt 0:01:13] The position is equal.} Nf4+ {[%emt 0:00:20] A34: Symmetrical English: 2 Nc3, lines with ...d5.} 10. Kf1 {[%emt 0:00:08] [#] Black must now prevent d4.} Nd3 {[%emt 0:00:10] 10...e6 is becoming the main line.} 11. Qe2 Nxc1 12. Rxc1 e6 13. h4 Nc6 14. e5 Bd7 {[%emt 0:03:25] [#]} 15. h5 $146 ({Predecessor:} 15. Qe3 Qb6 16. Kg1 Nd4 17. Bd3 Be7 18. h5 Bc6 19. Be4 O-O-O 20. Bxc6 Qxc6 21. Rh3 Kb8 22. Ne2 Nf5 23. Qf4 {0-1 (39) So,W (2772)-Paravyan,D (2617) Chess.com INT 2022}) 15... h6 16. a3 Qb6 17. d3 {[%emt 0:56:54] Weighted Error Value: White=0.02 (flawless) /Black=0.00 (flawless)} (17. Rh3 $11 {is more appropriate.}) 1/2-1/2

[Event "1st Semana Santa Torrevieja 2022"]
[Site "Torrevieja Alicante"]
[Date "2022.04.16"]
[Round "7.16"]
[White "Gonzalez Guedes, Iyan"]
[Black "Kosakowski, Jakub"]
[Result "1/2-1/2"]
[ECO "B10"]
[WhiteElo "2251"]
[BlackElo "2442"]
[Annotator "TA"]
[PlyCount "26"]
[EventDate "2022.04.12"]
[EventType "swiss"]
[EventCountry "ESP"]
[SourceTitle "playchess.com"]
[Source "ChessBase"]
[SourceQuality "1"]
[TimeControl "5400+30"]

1. e4 c6 2. Nf3 d5 3. d3 dxe4 4. dxe4 Qxd1+ 5. Kxd1 Bg4 6. Be2 {[%emt 0:00:32] B10: Caro-Kann: 2 d3 and 2 c4.} Nf6 7. Nbd2 Nbd7 8. Ne1 Bxe2+ 9. Kxe2 {[%emt 0:00:02] [#]} g5 $146 ({Predecessor:} 9... e5 10. a4 a5 11. f3 Nc5 12. Nc4 Nfd7 13. Bd2 b6 14. b3 Kd8 15. Be3 Kc7 {1-0 (40) Kovalev,V (2634)-Halkias,S (2556) Chess.com INT 2021}) 10. Nd3 h5 11. f3 h4 12. h3 Nh5 {[%emt 0:03:09] [#] ...Ng3+ is the strong threat.} 13. Kf2 e5 {[%emt 0:27:53] Weighted Error Value: White=0.10 (very precise) /Black=0.10 (very precise)} 1/2-1/2

[Event "1st Semana Santa Torrevieja 2022"]
[Site "Torrevieja Alicante"]
[Date "2022.04.17"]
[Round "8.1"]
[White "Yuffa, Daniil"]
[Black "Grigoryan, Karen H."]
[Result "1-0"]
[ECO "D61"]
[WhiteElo "2576"]
[BlackElo "2636"]
[Annotator "TA"]
[PlyCount "77"]
[EventDate "2022.04.12"]
[EventType "swiss"]
[EventCountry "ESP"]
[SourceTitle "playchess.com"]
[Source "ChessBase"]
[SourceQuality "1"]
[TimeControl "5400+30"]

1. d4 d5 2. c4 e6 3. Nf3 a6 4. Bg5 Nf6 5. e3 Be7 6. Nc3 O-O 7. Qc2 Nbd7 8. c5 c6 9. Bd3 h6 10. Bf4 Nh5 {[%emt 0:01:45] [#] D61: Queen's Gambit Declined: Classical: 7 Qc2.} 11. Be5 $146 ({Predecessor:} 11. O-O g5 12. Be5 f5 13. g4 Ng7 14. b4 Nf6 15. Bxf6 Bxf6 16. Ne5 Bxe5 17. dxe5 d4 18. Na4 {1-0 (36) Potapova,M (2278)-Mezhov,D (1974) Sochi 2019}) 11... f5 12. b4 Nhf6 {[%emt 0:02:00] White is slightly better.} 13. Ne2 {[%emt 0:00:00] &Bianco is much more active. The black rooks are badly placed.} g5 {[%emt 0:21:39] Inhibits Nf4.} 14. Rg1 ({White should try} 14. h3 $16) 14... Ne4 (14... Rf7 $11) 15. g4 $16 Qe8 ({Weaker is} 15... fxg4 16. Bxe4 dxe4 17. Qxe4 $1 $16) 16. Nf4 Nxe5 ({Resist} 16... gxf4 17. gxf5+ Ng5 18. exf4 Nxe5 19. dxe5 $18 (19. Nxe5 Qh5 $16)) (16... a5 $11 {keeps the balance.}) 17. Nxe5 {[%emt 0:00:00] Nfg6 is the strong threat.} gxf4 18. gxf5+ {[%emt 0:00:00][%mdl 64] Discovered Attack} Kh7 $2 {[%emt 0:00:26][%mdl 8192] [#] This move loses the game for Black.} (18... Kh8 $16) 19. f6 $1 $18 {[%emt 0:00:00] Dancing on a razor blade.} Rxf6 {[%emt 0:02:03] [#]} 20. f3 $1 {[%emt 0:00:00][%mdl 64] aiming for Qg2. Pin} Rf5 {[%emt 0:00:46] Strongly threatening ...Bh4+.} 21. fxe4 Bh4+ 22. Kf1 dxe4 23. Bxe4 fxe3+ 24. Kg2 Bf2 25. Kh1 Bd7 26. Raf1 Bxg1 27. Rxg1 Qe7 28. Qg2 {[%emt 0:00:00] Prevents Rg8.} Qg5 29. Nxd7 Qxg2+ 30. Rxg2 Rd8 31. Bxf5+ exf5 {[%emt 0:00:07][%mdl 4096] Endgame KRN-KR} 32. Nf6+ Kh8 33. Kg1 {[%emt 0:00:38] White is clearly winning.} f4 34. Rg4 f3 35. Rg3 f2+ 36. Kf1 Rf8 37. Rf3 Rf7 38. Ke2 Re7 39. Rg3 {[%emt 0:00:19] Weighted Error Value: White=0.22 (precise) /Black=0.61} 1-0

[Event "1st Semana Santa Torrevieja 2022"]
[Site "Torrevieja Alicante"]
[Date "2022.04.17"]
[Round "8.2"]
[White "Movsziszian, Karen"]
[Black "Moussard, Jules"]
[Result "0-1"]
[ECO "A14"]
[WhiteElo "2441"]
[BlackElo "2630"]
[Annotator "TA"]
[PlyCount "124"]
[EventDate "2022.04.12"]
[EventType "swiss"]
[EventCountry "ESP"]
[SourceTitle "playchess.com"]
[Source "ChessBase"]
[SourceQuality "1"]
[TimeControl "5400+30"]

1. g3 Nf6 2. Bg2 d5 3. Nf3 e6 4. O-O Be7 5. c4 O-O 6. b3 d4 7. e3 c5 {[%emt 0:00:13] A14: English Opening: 1...e6 with b3 by White.} 8. exd4 cxd4 9. d3 Nc6 {[%emt 0:00:19] The position is equal.} 10. Re1 {[%emt 0:01:11] Against e5} Re8 11. a3 a5 {[%emt 0:00:20] Prevents b4.} 12. Bg5 h6 13. Bxf6 {[%emt 0:03:09] [#]} gxf6 $146 ({Predecessor:} 13... Bxf6 14. Nbd2 e5 15. c5 Be6 16. Qc2 Rc8 17. Nc4 Bxc4 18. Qxc4 b6 19. b4 bxc5 20. bxc5 {1-0 (33) Gorovets,A (2480)-Nemcova,K (2296) Saint Louis 2013}) 14. Nbd2 Bd7 {[%emt 0:03:24] [#]} (14... Kg7 $11) 15. Nxd4 $1 $16 f5 (15... Nxd4 16. Qg4+) 16. Nb5 Bf6 17. Ra2 Qb6 (17... Ne7 $142) 18. Nf3 Ne7 19. a4 Rad8 20. Qd2 Nc6 (20... Bc6 $16 21. Qxh6 Bg7) 21. Qxh6 $18 Bg7 {[%emt 0:00:09] [#]} 22. Qh5 (22. Qg5 $6 Nb4 23. Rd2 Bxb5 $16) 22... Nb4 {[%emt 0:00:17] [#]} 23. Ng5 $1 Re7 24. Rd2 Bxb5 (24... e5 $16) 25. axb5 {[%emt 0:00:05][%cal Od3d4] Threatens to win with d4!} (25. cxb5 Qd4 26. Rc1 b6) 25... Qd4 26. Rc1 {[%emt 0:03:40] Inhibits Qc3.} b6 27. h4 Red7 28. Bf1 Qf6 29. d4 f4 (29... Qh6 {might work better.} 30. Qxh6 Bxh6) 30. Rcd1 Bh6 31. Kh2 Kg7 32. Qg4 fxg3+ 33. Kxg3 ({Don't take} 33. Qxg3 $6 Bxg5 34. Qxg5+ Qxg5 35. hxg5 Rg8 $18) ({Don't play} 33. fxg3 $6 Qg6 34. Be2 Kh8 $18) 33... Kh8 34. f4 Qg7 35. Kh3 Kg8 36. Qh5 Kf8 37. Bg2 Ke7 38. d5 exd5 39. cxd5 {[%emt 0:02:40][%cal Od5d6] Strongly threatening d6+!} Rd6 40. Re1+ Kf8 41. Re5 Qg6 42. Qg4 Qg7 43. Rde2 Nd3 44. Rf5 Bxg5 45. Rxg5 Rg6 46. Be4 Rxg5 47. hxg5 (47. Qxg5 $2 {too greedy.} Qxg5 48. fxg5 Nf4+ 49. Kg4 Nxe2 $19) 47... Nc5 48. Bf3 (48. Bc2 $18) 48... Nxb3 $14 49. Kg3 {[%emt 0:01:15] And now Rc2 would win.} Nd4 {[%emt 0:01:22][%csl LRb5,LRe2] Inhibits Rc2.} 50. Rd2 Nxb5 51. f5 Qe5+ (51... f6 $11) 52. Kg2 (52. Qf4 $16 Qxf4+ 53. Kxf4) 52... Nd6 $11 53. f6 Nf5 $2 {[%emt 0:01:00] [#]} (53... b5 $11) 54. Qh3 $2 (54. Kh3 $1 $18 {aiming for Re2.} Nd6 55. Rh2) 54... Kg8 $36 {[%emt 0:00:40][%mdl 2048] Hoping for ...Qf4. Black is more active.} 55. Re2 Qf4 56. Re4 $2 (56. Kf2 $1 $11 {and White stays safe.} Nd4 57. Re3) 56... Qxg5+ $19 57. Kf2 $2 (57. Qg4 $17 Qxg4+ 58. Rxg4+ Kf8 59. Rf4) 57... Qxf6 {[%emt 0:00:34] Black has a decisive advantage.} 58. Rf4 Qb2+ 59. Be2 {[%emt 0:00:04] [#]} Re8 $1 60. Qg4+ (60. Qxf5 Qxe2+) 60... Ng7 61. d6 Qd2 62. Rc4 Qxd6 {[%emt 0:00:10] Never resign too early!  Weighted Error Value: White=0.20 (precise) /Black=0.38} 0-1

[Event "1st Semana Santa Torrevieja 2022"]
[Site "Torrevieja Alicante"]
[Date "2022.04.17"]
[Round "8.3"]
[White "Larino Nieto, David"]
[Black "Iturrizaga Bonelli, Eduardo"]
[Result "1/2-1/2"]
[ECO "A48"]
[WhiteElo "2440"]
[BlackElo "2595"]
[Annotator "TA"]
[PlyCount "30"]
[EventDate "2022.04.12"]
[EventType "swiss"]
[EventCountry "ESP"]
[SourceTitle "playchess.com"]
[Source "ChessBase"]
[SourceQuality "1"]
[TimeControl "5400+30"]

1. Nf3 g6 2. d4 Nf6 3. c3 Bg7 4. g3 b6 5. Bg2 Bb7 {[%emt 0:00:06] The position is equal.} 6. O-O {[%emt 0:00:05] A48: 1 d4 Nf6 2 Nf3 g6: Torre, London and Colle Systems.} O-O 7. a4 {[%emt 0:00:07] [#]} a6 $146 ({Predecessor:} 7... a5 8. Nbd2 d6 9. Qc2 Nbd7 10. e4 e5 11. Re1 Qe7 12. dxe5 Nxe5 13. Nxe5 Qxe5 {½-½ (49) Suarez Gomez,J (2474)-Oliva Castaneda,K (2497) Linares 2017}) 8. Nbd2 c5 9. Nc4 b5 10. Ne3 d6 11. dxc5 dxc5 12. Qxd8 Rxd8 13. axb5 axb5 14. Rxa8 Bxa8 15. Rd1 Rxd1+ {[%emt 0:03:39] Not much happened in this game.  Weighted Error Value: White=0.07 (flawless) /Black=0.08 (flawless)} 1/2-1/2